Map: Expedition Lost LE

Players

Jason - Winner!

  • Race: Terran Terran
  • League: Grandmaster
  • Spawn Location: 1:00

Rob

  • Race: Protoss Protoss
  • League: Grandmaster
  • Spawn Location: 7:00

VOD

Have the link to the VOD?

Description

Time

  • Played on: May 13, 2019, 8:32 p.m.
  • Length: 16:35
Show
View Real Time Build Order
Export as new Build Order

Jason Terran - Winner!

Build Orders: Gas First Reaper Expand, Liberator Opening 

Get SALT Encoding   

  12  0:00  SCV  
  13  0:12  SCV  
  14  0:21  Supply Depot  
  14  0:25  SCV  
  15  0:31  Refinery  
  16  0:42  SCV  
  16  0:46  Barracks  
  16  0:55  SCV  
  17  1:07  SCV  
  18  1:19  SCV  
  19  1:34  Reaper, Orbital Command  
  20  1:52  Command Center  
  20  2:01  Factory  
  20  2:03  SCV  
  21  2:09  Barracks Reactor  
  21  2:14  Supply Depot  
  21  2:17  SCV  
  22  2:24  Refinery  
  22  2:29  SCV  
  23  2:42  SCV  
  24  2:54  SCV, Hellion x2  
  24  2:56  Barracks Tech Lab  
  29  3:02  Starport  
  29  3:06  SCV  
  30  3:15  Hellion x2  
  34  3:21  Orbital Command  
  34  3:22  SCV  
  34  3:23  Liberator  
  35  3:32  Supply Depot  
  35  3:36  SCV  
  39  3:48  SCV  
  40  3:49  Cyclone  
  40  3:51  Marine  
  40  3:53  Marine  
  46  3:55  SCV  
  44  4:14  SCV, Marine  
  44  4:16  SCV  
  43  4:18  Marine  
  43  4:21  Siege Tank  
  45  4:26  SCV  
  45  4:27  Viking  
  45  4:28  SCV  
  48  4:32  Marine  
  48  4:35  Marine  
  50  4:38  SCV  
  50  4:40  SCV  
  50  4:43  Supply Depot  
  52  4:50  SCV, Marine  
  54  4:55  Command Center  
  54  4:56  Supply Depot  
  54  5:03  SCV, Marine  
  54  5:04  SCV  
  54  5:05  Raven, Factory Tech Lab  
  56  5:08  Engineering Bay  
  56  5:09  Marine  
  57  5:15  SCV  
  57  5:16  SCV  
  57  5:21  Supply Depot, Marine  
  60  5:24  Siege Tank  
  60  5:27  SCV  
  64  5:28  SCV  
  64  5:31  Refinery  
  65  5:39  SCV, Supply Depot  
  65  5:40  Terran Infantry Weapons Level 1, SCV  
  67  5:48  Missile Turret  
  69  5:50  Missile Turret  
  69  5:56  SCV  
  69  5:57  SCV, Barracks  
  68  5:59  Barracks  
  68  6:00  Stimpack, Refinery  
  68  6:01  Marine  
  68  6:03  Supply Depot  
  70  6:09  SCV  
  70  6:10  Orbital Command  
  70  6:11  Starport Reactor  
  71  6:13  SCV  
  72  6:21  SCV  
  72  6:25  SCV  
  73  6:27  Factory Reactor  
  73  6:29  Barracks  
  73  6:30  Barracks  
  73  6:31  Marauder  
  75  6:33  SCV  
  75  6:37  SCV  
  75  6:38  SCV  
  78  6:45  SCV  
  79  6:47  Supply Depot  
  79  6:48  Medivac  
  79  6:49  SCV, Medivac  
  79  6:50  SCV  
  85  6:54  Marine x2  
  85  6:57  SCV, Combat Shield  
  85  6:58  Marauder  
  85  6:59  Marauder  
  92  7:01  SCV  
  92  7:11  SCV  
  92  7:12  Marine  
  91  7:16  Marine  
  91  7:19  Marauder  
  91  7:20  Marine  
  91  7:22  SCV  
  95  7:23  SCV  
  95  7:26  Barracks Tech Lab  
  96  7:33  Marine  
  97  7:37  Terran Infantry Armor Level 1, Barracks Tech Lab  
  97  7:38  Barracks x2  
  97  7:39  Marauder, SCV  
  97  7:40  SCV  
  97  7:41  Marauder, Marine, Barracks  
  104  7:45  Orbital Command  
  104  7:46  Missile Turret  
  104  7:51  SCV, Marine  
  105  7:53  Marauder, SCV  
  105  7:57  Marauder  
  111  7:59  Marine  
  111  8:03  SCV  
  113  8:06  Marauder  
  113  8:07  Marauder  
  117  8:17  Marine, Supply Depot  
  117  8:18  Marauder  
  117  8:19  Supply Depot  
  120  8:20  Medivac  
  120  8:24  Medivac  
  120  8:26  SCV  
  121  8:27  Marine  
  121  8:28  Concussive Shells  
  121  8:31  SCV  
  118  8:36  SCV  
  118  8:37  Barracks Tech Lab  
  119  8:43  Marauder, Marine x2  
  119  8:45  Marine  
  119  8:46  Marauder x2  
  129  8:48  SCV  
  129  8:49  SCV  
  129  8:54  Medivac x2  
  134  8:56  Marine  
  134  8:57  Marine  
  134  8:59  Marine  
  134  9:00  Marine  
  137  9:08  Marauder x2  
  141  9:16  Marauder x2  
  145  9:19  SCV x2, Refinery  
  145  9:20  Refinery  
  147  9:24  Medivac  
  147  9:29  Engineering Bay  
  147  9:30  Armory  
  149  9:37  Marine x2  
  149  9:43  Marine  
  149  9:49  Marine x3  
  149  9:52  Marauder, Marine  
  149  10:01  Supply Depot  
  149  10:02  Supply Depot  
  149  10:03  Supply Depot  
  149  10:09  Marine x2  
  149  10:10  Marauder  
  149  10:11  Widow Mine  
  149  10:14  Marauder  
  149  10:15  Marauder  
  149  10:20  Marine x2  
  146  10:21  Marauder  
  146  10:23  Marine  
  140  10:32  Viking  
  140  10:33  Marine  
  140  10:34  Marauder, Marine  
  140  10:35  Viking, Marine  
  147  10:36  Marine  
  147  10:38  Marine x2  
  147  10:41  Marauder  
  147  10:42  Marine  
  151  10:51  Marine x2  
  151  10:53  Marauder  
  151  10:54  Marine  
  151  10:55  Marauder, Terran Infantry Armor Level 2  
  151  10:56  Marine x2  
  155  11:02  Viking  
  155  11:03  SCV  
  158  11:05  Viking  
  158  11:06  Marine  
  158  11:07  Marauder  
  158  11:09  Marine  
  162  11:19  Marine x2  
  163  11:27  Marine  
  164  11:32  Viking  
  164  11:35  Viking  
  164  11:36  Marine x3  
  164  11:37  Marauder x2  
  169  11:45  Marine  
  166  11:48  Marine x2  
  166  11:49  Marauder  
  168  12:02  Viking  
  168  12:03  Marine x3  
  168  12:05  Marauder, Marine, Viking  
  164  12:44  Supply Depot  
  164  12:50  Supply Depot  
  164  12:51  Supply Depot  
  164  13:14  Supply Depot  
  164  13:20  Command Center  
  146  14:05  Viking x2, Marine x4  
  54  14:35  Viking x2, Marine x3  
  54  14:36  Marauder x2, Marine  
  19  15:40  Marine  
  20  15:46  Marine  
  21  15:54  Marine  
  22  15:59  Marine x2  
  24  16:05  Marine x2  
Show
View Real Time Build Order
Export as new Build Order

Rob Protoss 

Build Orders: 1 Gate Expand, Phoenix Opening 

Get SALT Encoding   

  12  0:00  Probe  
  13  0:12  Probe  
  14  0:18  Pylon  
  14  0:25  Probe  
  15  0:33  Probe  
  15  0:39  Gateway  
  15  0:41  Probe  
  16  0:48  Assimilator  
  17  0:52  Probe  
  18  1:04  Probe  
  19  1:16  Probe  
  20  1:35  Nexus  
  20  1:39  Probe  
  21  1:40  Cybernetics Core  
  21  1:48  Pylon  
  21  1:51  Probe  
  22  1:56  Assimilator  
  22  2:03  Probe  
  22  2:07  Stalker  
  23  2:15  Probe  
  24  2:17  Warp Gate  
  26  2:27  Probe  
  27  2:38  Probe  
  27  2:43  Probe  
  28  2:46  Probe  
  28  2:50  Stargate  
  30  2:51  Probe  
  30  2:53  Adept  
  30  2:54  Probe  
  33  3:01  Probe  
  35  3:06  Probe  
  35  3:13  Probe  
  35  3:18  Gateway  
  35  3:19  Probe  
  37  3:21  Gateway  
  37  3:25  Stalker, Probe  
  40  3:27  Phoenix  
  40  3:31  Probe  
  41  3:37  Probe  
  44  3:41  Shield Battery  
  44  3:43  Probe  
  44  3:46  Pylon  
  45  3:51  Probe  
  46  4:04  Phoenix  
  46  4:05  Stalker  
  46  4:06  Probe x2  
  52  4:18  Probe x2  
  54  4:29  Pylon  
  54  4:35  Oracle  
  54  4:36  Pylon  
  54  4:38  Nexus  
  54  4:44  Robotics Facility  
  54  4:47  Probe  
  54  4:48  Assimilator x2  
  58  4:53  Probe  
  58  4:59  Probe  
  59  5:04  Phoenix  
  59  5:05  Probe  
  58  5:11  Probe  
  61  5:17  Probe  
  61  5:19  Forge, Twilight Council  
  62  5:23  Probe  
  63  5:29  Probe  
  63  5:32  Robotics Bay  
  65  5:35  Probe  
  65  5:38  Immortal, Pylon  
  65  5:42  Probe  
  70  5:43  Charge  
  70  5:49  Probe  
  71  5:52  Phoenix  
  71  5:53  Pylon  
  71  5:54  Probe, Pylon  
  71  5:56  Protoss Ground Weapons Level 1  
  74  6:04  Probe  
  74  6:05  Immortal  
  74  6:06  Probe x2  
  77  6:16  Probe  
  77  6:18  Probe  
  83  6:31  Probe x3  
  86  6:33  Assimilator  
  86  6:35  Assimilator, Templar Archives  
  86  6:38  Colossus  
  86  6:43  Probe x3, Pylon  
  95  6:48  Phoenix, Pylon  
  95  6:51  Pylon  
  95  6:58  Probe x2  
  99  7:02  Zealot x3  
  105  7:11  Probe x2  
  107  7:18  Extended Thermal Lance  
  107  7:21  Colossus  
  107  7:30  Gateway  
  107  7:32  Gateway  
  107  7:33  Pylon  
  107  7:34  Gateway  
  107  7:36  Gateway  
  113  7:44  Robotics Facility  
  113  7:45  Phoenix  
  113  7:51  Forge  
  115  8:07  Colossus  
  115  8:08  Zealot x3, Pylon  
  115  8:10  Phoenix, Pylon  
  123  8:13  Pylon  
  129  8:31  Zealot x4  
  129  8:32  Zealot x3  
  129  8:33  Disruptor  
  141  8:34  Phoenix  
  140  8:54  Stalker x6  
  140  8:55  Stalker  
  154  8:57  Pylon  
  154  9:02  Disruptor  
  154  9:05  Disruptor  
  160  9:18  Photon Cannon x2  
  160  9:21  Phoenix, Photon Cannon  
  160  9:23  Pylon  
  162  9:24  Shield Battery  
  162  9:40  Stalker  
  162  9:41  Pylon  
  162  9:43  Stalker x4  
  172  9:51  Phoenix  
  168  10:01  Nexus  
  168  10:03  Pylon  
  168  10:12  Zealot x2  
  168  10:24  Nexus  
  164  10:39  Pylon  
  164  10:41  Pylon  
  162  10:43  Pylon  
  162  10:45  Pylon  
  162  10:46  Pylon  
  162  10:56  Nexus  
  162  11:01  Templar Archives  
  162  11:07  High Templar x4  
  170  11:14  Archon  
  170  11:15  Archon  
  170  11:19  Disruptor x2  
  176  11:30  Forge  
  176  11:31  Forge  
  163  11:40  Zealot x4  
  159  12:03  Zealot x3  
  108  12:43  Nexus  
  108  12:44  High Templar  
  96  12:47  High Templar  
  95  12:52  Pylon  
  95  12:53  Pylon  
  95  12:55  Pylon  
  95  12:57  Pylon  
  93  13:19  Pylon  
  93  13:20  Pylon  
  92  13:37  Archon  
  9  15:43  Probe  
Tags
 
Add a new tag
Caveats
  • Supply blocks, unpowered buildings, or Contaminate may cause inaccurate times.
  • Supply counts are checked every 10 seconds.